cohdb
Replays
Latest Replays
All Replays
Popular Replays
Top Player Replays
Match Explorer
How It Works
Community
CoH3 Stats
Reddit
Sign in to upload your games and track your stats! →
Sign in with Steam
Match 40540097
Unlisted
Match 40540097
Overview
Messages
Build Orders
End
Panzergrenadier Squad
Kradschützen Motorcycle Team
Selects Italian Infantry
250 Light Carrier
Construct Light Support Kompanie
2.5-tonne Medical Truck
Combat Half-tracks
Panzerpioneer Squad
Fire Support Elements
250 Light Carrier
Panzerjäger Squad
Selects Guastatori Squad
Selects L6/40 Light Tank Combat Group
Construct Panzerarmee Kommand
Guastatori Squad
Walking Stuka Rocket Launcher
Megatomicdragon
broodwarjc
0
0
Comments
sign in to comment!
No comments posted yet!